AoeStats
← CounterTargetSpell

Arena

507882208Analyzed
4v4 RM · 13d ago on Sep 20, 2026· 73m 25s· 8 players
Game mode
Random Map
Map size
Large (8 player)
Population
200
Speed
Normal
Resources
Standard
Victory
Conquest
Starting age
Dark Age
Ending age
Imperial Age
RankedLock teamsTeams togetherTeam positionsShared explorationLock speedFull tech treeHidden civsTurbo modeCheats
Victory
Defeat
🇨🇳 Celts · China
836
+17
🇬🇧 Tupi · United Kingdom
834
+17
🇺🇸 Bohemians · United States
830
+17
🇲🇽 Britons · Mexico
780
+19
🇨🇱 Teutons · Chile
927
-21
🇨🇱 Vikings · Chile
888
-19
874
-18
🇨🇱 Bulgarians · Chile
719
-12
CounterTargetSpell
8:18 Loom
10:11 Feudal Age
10:49 Horse Collar
11:01 Double-Bit Axe
18:55 Castle Age
16:20 Champi Runner
17:31 Arson
17:54 Gold Mining
19:14 Scale Mail Armor
19:39 Heavy Plow
20:30 Forging
20:52 Bow Saw
22:08 Squires
21:53 Champi Warrior
23:43 Gold Shaft Mining
25:34 Chain Mail Armor
27:39 Iron Casting
27:53 Wheelbarrow
28:57 Pikeman
36:03 Hand Cart
39:30 Stone Mining
45:51 Imperial Age
43:58 Treadmill Crane
45:57 Elite Champi Warrior
47:41 Plate Mail Armor
47:50 Halberdier
49:17 Fletching
51:15 Conscription
53:34 Caciques
56:58 Bodkin Arrow
61:48 Curare
62:38 Caravan
70:10 Two-Man Saw
71:42 Bracer
La Morte Noire
11:12 Feudal Age
15:19 Castle Age
20:00 Wheelbarrow
19:19 Double-Bit Axe
19:38 Horse Collar
20:25 Bow Saw
21:48 Heavy Plow
26:13 Hand Cart
25:51 Gold Mining
27:16 Gold Shaft Mining
26:58 Crossbowman
27:59 Fletching
28:10 Padded Archer Armor
28:34 Ballistics
29:17 Bodkin Arrow
29:43 Leather Archer Armor
31:28 Stone Mining
36:21 Yeomen
38:37 Imperial Age
40:33 Conscription
39:36 Arbalester
41:20 Chemistry
41:16 Bracer
41:47 Ring Archer Armor
43:17 Two-Man Saw
42:20 Loom
44:53 Siege Engineers
44:51 Warwolf
44:22 Sappers
45:28 Hoardings
47:45 Fortified Wall
47:31 Murder Holes
47:47 Masonry
47:18 Treadmill Crane
53:37 Forging
53:28 Scale Mail Armor
52:53 Pikeman
53:33 Squires
53:19 Arson
55:56 Halberdier
57:28 Iron Casting
57:08 Chain Mail Armor
59:12 Blast Furnace
59:00 Capped Ram
65:14 Architecture
67:59 Plate Mail Armor
nicolasvillassanta15
6:34 Loom
13:33 Feudal Age
14:23 Double-Bit Axe
16:26 Horse Collar
20:21 Castle Age
20:47 Forging
27:31 Bow Saw
29:21 Pikeman
34:32 Squires
37:53 Imperial Age
36:31 Chemistry
36:58 Iron Casting
36:24 Scale Mail Armor
37:31 Ballistics
37:20 Heavy Plow
37:55 Halberdier
40:30 Blast Furnace
39:45 Chain Mail Armor
40:04 Conscription
41:35 Siege Engineers
44:25 Onager
46:34 Fortified Wall
54:59 Masonry
68:49 Capped Ram
Nick76Luo
9:57 Feudal Age
15:16 Castle Age
13:08 Horse Collar
13:50 Double-Bit Axe
16:19 Bow Saw
21:17 Heavy Plow
21:27 Town Watch
22:19 Wheelbarrow
21:45 Gold Mining
21:46 Stone Mining
23:27 Gold Shaft Mining
23:40 Hand Cart
25:35 Stone Shaft Mining
27:23 Fortified Wall
27:56 Loom
28:11 Town Patrol
28:34 Treadmill Crane
29:05 Masonry
31:58 Imperial Age
32:36 Fletching
32:57 Forging
32:48 Scale Mail Armor
32:45 Herbal Medicine
32:51 Devotion
32:52 Murder Holes
32:52 Pikeman
33:17 Arson
33:30 Bodkin Arrow
The_br4ve ®
11:11 Feudal Age
15:41 Castle Age
15:54 Man-at-Arms
17:54 Double-Bit Axe
17:36 Long Swordsman
18:31 Loom
20:21 Forging
21:48 Town Watch
23:12 Gambesons
28:35 Scale Barding Armor
28:26 Crossbowman
31:47 Bow Saw
32:09 Fletching
33:48 Murder Holes
34:24 Elite Skirmisher
35:29 Ballistics
35:50 Town Patrol
39:18 Padded Archer Armor
Gelblich
11:50 Feudal Age
15:50 Castle Age
14:02 Double-Bit Axe
21:13 Fervor
21:37 Loom
24:08 Wheelbarrow
24:59 Bloodlines
25:24 Hand Cart
27:50 Caravan
29:43 Forging
29:39 Scale Barding Armor
33:54 Imperial Age
33:27 Squires
33:47 Elite Skirmisher
34:06 Cavalier
37:32 Iron Casting
37:17 Chain Barding Armor
36:58 Scale Mail Armor
36:49 Fletching
36:59 Padded Archer Armor
38:02 Ballistics
40:45 Paladin
42:04 Plate Barding Armor
42:35 Conscription
43:20 Crenellations
45:15 Bodkin Arrow
46:21 Blast Furnace
45:37 Chain Mail Armor
49:56 Chemistry
49:07 Fortified Wall
49:03 Siege Engineers
49:09 Masonry
49:39 Plate Mail Armor
49:25 Leather Archer Armor
48:50 Onager
50:06 Conscription
53:12 Siege Onager
58:06 Siege Onager
69:02 Pikeman
El Cachero de las Pampas
7:34 Loom
10:12 Feudal Age
11:58 Wheelbarrow
11:10 Double-Bit Axe
18:57 Castle Age
18:09 Scale Barding Armor
18:31 Forging
21:00 Gold Mining
21:29 Hand Cart
21:33 Bow Saw
24:28 Chain Barding Armor
25:47 Iron Casting
29:26 Pikeman
30:35 Scale Mail Armor
32:00 Chain Mail Armor
32:47 Gold Shaft Mining
32:03 Stone Mining
38:03 Imperial Age
35:54 Hand Cart
37:14 Padded Archer Armor
38:20 Elite Skirmisher
42:19 Chemistry
41:16 Murder Holes
41:42 Ballistics
41:12 Capped Ram
41:20 Onager
42:02 Cavalier
42:42 Husbandry
43:28 Paladin
45:56 Caravan
50:26 Blast Furnace
51:51 Conscription
52:04 Chivalry
54:25 Plate Barding Armor
54:21 Plate Mail Armor
54:24 Light Cavalry
57:06 Fletching
57:32 Leather Archer Armor
Govekin
14:12 Feudal Age
12:27 Loom
17:55 Wheelbarrow
23:00 Castle Age
29:35 Double-Bit Axe
36:20 Hand Cart
35:51 Town Watch
35:40 Pikeman
37:53 Squires
37:40 Gambesons
39:26 Horse Collar
39:59 Bow Saw
40:14 Arson
40:50 Heavy Plow
41:07 Forging
41:04 Scale Barding Armor
43:41 Iron Casting
43:07 Scale Mail Armor
45:48 Stirrups
55:40 Caravan
58:29 Coinage
58:18 Chain Mail Armor
58:23 Chain Barding Armor
Connection lost

Rejoining the realm…

Still unreachable

The connection could not be restored.

Session expired

The server has moved on; the page needs a fresh start.